 Dungeon Crawl Stone Soup version 0.25-a0-869-g05d4e06a41 (webtiles) character file.

Game seed: 12463597799918355567, levelgen mode: deterministic

1046 Maedhros the Martial Artist (level 8, 0/48 HPs)
             Began as an Octopode Artificer on May 1, 2020.
             Slain by a jackal (2 damage)
             ... on level 6 of the Dungeon.
             The game lasted 00:03:41 (1099 turns).

Maedhros the Martial Artist (Octopode Artificer)    Turns: 1099, Time: 00:03:42

Health: 0/48       AC:  1    Str:  9    XL:     8   Next: 25%
Magic:  10/10      EV: 13    Int: 16    God:
Gold:   64         SH:  0    Dex: 14    Spells: 7/7 levels left

rFire    + . .     SeeInvis .   m - +8 short sword of Exquisite Death {vorpal, MR++ Str-5 Int+3 Stlth+}
rCold    + + .     Gourm    .   (no shield)
rNeg     . . .     Faith    .   (helmet restricted)
rPois    +         Spirit   .   (no amulet)
rElec    +         Reflect  .   (no ring)
rCorr    +         Harm     .   (no ring)
MR       ++...                  (no ring)
Stlth    +++++.....             (no ring)
HPRegen  0.16/turn              (no ring)
MPRegen  0.12/turn              (no ring)
                                (no ring)
                                (no ring)

@: resistant, stab, flying
A: almost no armour, stealthy swim, amphibious, 8 rings, constrict 8, camouflage
1, blink, cold resistance 1, strong 1, gelatinous body 1
a: Blink


You were on level 6 of the Dungeon.
You were hungry.

You visited 1 branch of the dungeon, and saw 7 of its levels.

You collected 64 gold pieces.

Inventory:

Hand Weapons
 m - the +8 short sword of Exquisite Death (weapon) {vorpal, MR++ Str-5 Int+3 Stlth+}
   (You found it on level 5 of the Dungeon)

   It inflicts extra damage upon your enemies.
   It affects your strength (-5).
   It affects your intelligence (+3).
   It affects your resistance to hostile enchantments.
   It makes you more stealthy.
Missiles
 a - 24 poisoned darts (quivered)
Jewellery
 i - a +3 ring of strength {unknown}
Wands
 c - a wand of enslavement (12)
Scrolls
 b - a scroll of random uselessness {unknown}
 j - 2 scrolls of teleportation {unknown}
 k - a scroll of remove curse {unknown}
 l - a scroll of fog {unknown}
 n - a scroll of enchant weapon {unknown}
Potions
 e - 3 potions of stabbing
 g - a potion of flight
Comestibles
 f - 4 rations


   Skills:
 - Level 1.0 Fighting
 - Level 1.0 Short Blades
 - Level 2.0 Dodging
 - Level 4.0 Stealth
 + Level 8.9 Unarmed Combat
 - Level 3.2 Evocations


You had 7 spell levels left.
You didn't know any spells.
Your spell library was empty.

Dungeon Overview and Level Annotations

Branches:
Dungeon (7/15)             Temple (0/1) D:6

Altars:
Elyvilon
Nemelex Xobeh
Trog

Annotations:
D:5 2 transporters, tmanko2's ghost, novice OgHu
D:6 Maggie


Innate Abilities, Weirdness & Mutations

You cannot wear most types of armour.
You are very stealthy in the water. (Stealth+)
You are amphibious.
You can wear up to eight rings at the same time.
You can use your tentacles to constrict eight enemies at once.
Your skin changes colour to match your surroundings (Stealth+).
Your rubbery body absorbs attacks. (AC +1, EV +1)
You can translocate small distances at will.
Your flesh is cold resistant. (rC+)
Your muscles are strong. (Str +2)


Message History

It was a potion of stabbing.
You feel ready to backstab.
Maggie points at you and mumbles some strange words.
The bolt of fire hits you!
* * * LOW HITPOINT WARNING * * *
It was a potion of flight.
You feel very buoyant.
You fly up into the air.
Maggie zaps a wand.
You resist with almost no effort. The jackal closely misses you.
It was a potion of mutation.
You feel extremely strange.
You feel jittery.
You feel resistant to cold.
You feel stronger.
A jackal comes into view.
The jackal bites you.
* * * LOW HITPOINT WARNING * * *
The jackal barks!
It was a potion of resistance.
You feel protected.
A jackal comes into view.
The jackal bites you.
You die...

###..#..#.. .. ##.......... .
..####........... ..
........#........ .. #
......##........ .##.#h
#.....##..#..... .p<.?.#
#.##..#...#.##..
......h##...........##..
......h@...##...........
........................
...................#....
....@....#.##.....##....
.........#$##.#.........
.........#..##..........
........................
...#.......>.##................
.....o........#................


You could see Maggie, 3 jackals and a neutral freed slave (wandering).

Vanquished Creatures
  Pikel (D:6)
  An ice beast (D:5)
  An ogre (D:4)
  A scorpion (D:6)
  A howler monkey (D:6)
  A crimson imp (D:5)
  A centaur zombie (D:5)
  2 jellies (D:5)
  2 adders
  A shadow imp (D:5)
  A worm (D:2)
  A leopard gecko (D:6)
  6 orcs (D:6)
  A giant cockroach (D:6)
  A hobgoblin (D:1)
  2 jackals (D:6)
  2 quokkas
  A ball python (D:2)
  A bat (D:1)
  A kobold (D:2)
29 creatures vanquished.

Vanquished Creatures (collateral kills)
  An ice beast (D:6)
  A phantom (D:6)
  A bullfrog (D:6)
  A wight (D:6)
  A hound skeleton (D:6)
  A jackal (D:6)
6 creatures vanquished.

Vanquished Creatures (others)
  An ice beast (D:6)
  An orc priest (D:6)
  An orc wizard (D:6)
  An orc (D:6)
4 creatures vanquished.

Grand Total: 39 creatures vanquished

Notes
Turn   | Place    | Note
-------+----------+-------------------------------------------
     0 | D:1      | Maedhros the Octopode Artificer began the quest for the
                  | Orb.
     0 | D:1      | Reached XP level 1. HP: 13/13 MP: 3/3
    91 | D:2      | Reached XP level 2. HP: 14/18 MP: 4/4
   215 | D:4      | Noticed an ogre
   223 | D:4      | Killed an ogre
   223 | D:4      | Reached skill level 3 in Unarmed Combat
   223 | D:4      | Reached XP level 3. HP: 13/23 MP: 5/5
   223 | D:4      | Reached XP level 4. HP: 16/28 MP: 6/6
   366 | D:5      | Entered Level 5 of the Dungeon
   385 | D:5      | Reached XP level 5. HP: 33/33 MP: 7/7
   398 | D:5      | Noticed an ice beast
   406 | D:5      | Killed an ice beast
   406 | D:5      | Reached skill level 4 in Unarmed Combat
   406 | D:5      | Reached XP level 6. HP: 38/38 MP: 8/8
   411 | D:5      | Found a white marble altar of Elyvilon.
   412 | D:5      | Found a sparkling altar of Nemelex Xobeh.
   429 | D:5      | Reached skill level 5 in Unarmed Combat
   602 | D:5      | Got a crystal short sword
   629 | D:5      | Found a transporter.
   632 | D:5      | Noticed tmanko2's ghost (novice OgHu)
   644 | D:5      | Found a transporter.
   892 | D:6      | Reached skill level 6 in Unarmed Combat
   894 | D:6      | Identified the +8 short sword of Exquisite Death {vorpal,
                  | MR++ Str-5 Int+3 Stlth+} (You found it on level 5 of the
                  | Dungeon)
   916 | D:6      | Noticed a slave
   929 | D:7      | Found a bloodstained altar of Trog.
   960 | D:6      | Noticed a slave
   960 | D:6      | Noticed an ice beast
   962 | D:6      | Found a staircase to the Ecumenical Temple.
   968 | D:6      | Reached XP level 7. HP: 31/43 MP: 9/9
   997 | D:6      | Reached skill level 7 in Unarmed Combat
  1003 | D:6      | Noticed Pikel
  1006 | D:6      | Killed Pikel
  1006 | D:6      | Reached skill level 8 in Unarmed Combat
  1006 | D:6      | Reached XP level 8. HP: 31/48 MP: 10/10
  1091 | D:6      | Noticed Maggie
  1098 | D:6      | Gained mutation: You can translocate small distances at
                  | will. [potion of mutation]
  1098 | D:6      | Gained mutation: Your flesh is cold resistant. (rC+)
                  | [potion of mutation]
  1098 | D:6      | Gained mutation: Your muscles are strong. (Str +2) [potion
                  | of mutation]
  1098 | D:6      | HP: 2/48 [jackal (2)]
  1099 | D:6      | Slain by a jackal

Levels and vault maps discovered:
D:1:      ebering_trefoil_3fold, layout_rooms, hex_large
D:2:      layout_basic, tso_altar, first_ration
D:3:      layout_loops_ring, lemuel_blue_sif_altar, marbit_many_paths,
          ebering_ghost_reflecting_pool, serial_bayou_crossing
D:4:      layout_loops_cross, minmay_door_square, kennysheep_generic_room_15
D:5:      layout_basic, gammafunk_temple_overflow_pools,
          gammafunk_temple_overflow_statue, gammafunk_ghost_stat_death
D:6:      layout_cave_pools, minmay_temple_entry_proselytizer, uniq_pikel,
          uniq_maggie
D:7:      layout_rooms, nicolae_overflow_hidden_temple, serial_curves,
          eino_curves_03, eino_curves_04, grunt_ogre_cave

Skill      XL: |  1  2  3  4  5  6  7 |
---------------+----------------------+-----
Stealth        | 2 4 |  4.0
Unarmed Combat | 3 4 6 8 |  8.9
Fighting       | |  1.0
Short Blades   | |  1.0
Dodging        | |  2.0
Evocations     | |  3.2

Action                   |  1- 3 |  4- 6 |  7- 9 || total
-------------------------+-------+-------+-------++-------
Melee: Short sword       |    11 |     3 |    20 ||    34
       Constrict         |     2 |     5 |     7 ||    14
       Tentacles         |     2 |     5 |     1 ||     8
       Unarmed           |       |    24 |       ||    24
       Punch             |       |     1 |       ||     1
Evoke: Wand              |     6 |    16 |    11 ||    33
  Use: Potion            |       |       |     4 ||     4
 Stab: Sleeping          |     4 |     1 |       ||     5
Armor: Skin              |       |       |     3 ||     3
Dodge: Dodged            |     4 |    13 |    10 ||    27

Table legend:
 A = Non-vault XP
 B = Vault XP
 C = Vault XP percentage of total XP
 D = Non-vault monster count
 E = Vault monster count
 F = Vault count percentage of total count
                 A         B        C        D         E       F
            +---------+---------+-------+---------+---------+-------
      Total |     867 |     628 |  42.0 |      35 |       2 |   5.4
            +---------+---------+-------+---------+---------+-------
        D:1 |       3 |       0 |   0.0 |       2 |       0 |   0.0
        D:2 |      20 |       0 |   0.0 |       4 |       0 |   0.0
        D:4 |     129 |       0 |   0.0 |       2 |       0 |   0.0
        D:5 |     327 |       0 |   0.0 |       6 |       0 |   0.0
        D:6 |     388 |     628 |  61.8 |      21 |       2 |   8.7
            +---------+---------+-------+---------+---------+-------
